 Dungeon Crawl Stone Soup version 0.27-a0-828-g8289197e94 (webtiles) character file.

Game seed: 17705419385130015549

25 jabarkas the Ruffian (level 2, 0/22 HPs)
             Began as a Palentonga Transmuter on Mar 30, 2021.
             Succumbed to an adder's poison
             ... on level 1 of the Dungeon.
             The game lasted 00:01:32 (837 turns).

jabarkas the Ruffian (Palentonga Transmuter)         Turns: 837, Time: 00:01:32

Health: 0/22       AC:  6    Str: 13    XL:     2   Next: 86%
Magic:  4/4        EV:  9    Int: 13    God:
Gold:   17         SH:  0    Dex: 10    Spells: 4/5 levels left

rFire    . . .     SeeInvis +     - Unarmed
rCold    . . .     Faith    .   (no shield)
rNeg     . . .     Spirit   .   a - +0 robe
rPois    .         Reflect  .   (no helmet)
rElec    .         Harm     .   (no cloak)
rCorr    .         Rampage  .   (no gloves)
Will     .....                  (no barding)
Stlth    +.........             (no amulet)
HPRegen  0.07/turn              (no ring)
MPRegen  0.09/turn              (no ring)

@: lethally poisoned (0 -> -7)
A: large, rugged brown scales 3, see invisible, deformed body, roll 1, armoured
tail, iridescent scales 1, low mp 1, wild magic 1
a: Rolling Charge


You were on level 1 of the Dungeon.
You visited 1 branch of the dungeon, and saw 2 of its levels.

You collected 17 gold pieces.

Inventory:

Armour
 a - a +0 robe (worn)
Magical Staves
 c - a staff of death
Jewellery
 e - a +6 ring of dexterity


   Skills:
 + Level 1.4 Fighting
 + Level 1.7 Dodging
 * Level 3.3 Unarmed Combat
 + Level 2.1 Spellcasting
 * Level 2.4 Transmutations


You had 4 spell levels left.
You knew the following spells:

 Your Spells              Type           Power      Damage    Failure   Level
a - Beastly Appendage     Tmut           20%        N/A       13%         1

Your spell library contained the following spells:

 Spells                   Type           Power      Damage    Failure   Level
 Wereblood                Tmut           10%        N/A       21%         2
 Spider Form              Tmut/Pois      3%         N/A       50%         3
 Ice Form                 Ice/Tmut       6%         N/A       88%         4
 Hydra Form               Tmut           5%         N/A       96%         5


Dungeon Overview and Level Annotations

Branches:
Dungeon (2/15)

Altars:


Innate Abilities, Weirdness & Mutations

You are completely covered in rugged brown scales. (AC +3, +7% HP)
You have supernaturally acute eyesight. (SInv)
Armour fits poorly on your strangely shaped body.
You can roll at nearby foes to attack.
You have a long armoured tail.
You are partially covered in iridescent scales. (AC +2)
Your magical capacity is low. (-10% MP)
Your spells are a little harder to cast, but a little more powerful.


Message History

The hobgoblin closely misses you.
Found a club.
There is a stone staircase leading up here.
The adder bites you. x2
You are poisoned.
The adder poisons you!
You climb upwards.
You feel sick.
There is a stone staircase leading down here.
Okay, then.
You hit the adder. You claw the adder.
The adder is heavily wounded.
You feel sick. The adder bites you.
You are lethally poisoned!
The adder poisons you!
You hit the adder. You claw the adder.
The adder is almost dead.
You feel very sick. The adder bites you but does no damage.
You closely miss the adder. You claw the adder.
The adder is almost dead.
You feel sick. The adder barely misses you. The adder bites you.
* * * LOW HITPOINT WARNING * * *
You hit the adder.
You kill the adder!
* * * LOW HITPOINT WARNING * * *
You feel sick.
It was a potion of mutation.
You feel extremely strange.
You feel less in control of your magic.
You feel less energetic.
Iridescent scales grow over part of your body.
* * * LOW HITPOINT WARNING * * *
You feel sick.
As you read the scroll labelled UHEASI ZI XITT, it crumbles to dust.
You feel strangely unstable.
It was a scroll of teleportation.
Your horns disappear.
Your talons disappear.
* * * LOW HITPOINT WARNING * * *
You feel sick.
* * * LOW HITPOINT WARNING * * *
You feel sick.
Your surroundings suddenly seem different.
You die...

.......# #..........'...#
.......# #..........#####
##.##### ############..#
##.#######....#........##########
........##.##.........>..........
##.#...##...##..######.#########.
#.....#..≈..#.......#.# #...
##......≈§≈...#####.#.# #.##
#....#..§..#.#@..#.#.# #.#.
##...##...##.#.###.#.# #.#.
###P....##.###.#.....#.#######...
P.P≈......(.##.#######......####.
≈≈≈≈P.......##.# ######.# #.
≈≈♣≈≈.......##.### #......# #.
♣♣♣P≈P......#....# #.###..# #.
♣≈≈P......#..#.# #(# #..# #.
♣♣♣≈≈P......#..#.#####.###..# #.


There were no monsters in sight!

Vanquished Creatures
  An adder (D:1)
  A bat (D:1)
  An endoplasm (D:1)
  2 giant cockroaches (D:1)
  A hobgoblin (D:1)
  3 ball pythons (D:1)
  2 frilled lizards (D:1)
  3 goblins (D:1)
  A kobold (D:1)
  A rat (D:1)
16 creatures vanquished.

Notes
Turn   | Place    | Note
-------+----------+-------------------------------------------
     0 | D:1      | jabarkas the Palentonga Transmuter began the quest for the
                  | Orb.
     0 | D:1      | Reached XP level 1. HP: 16/16 MP: 3/3
   265 | D:1      | Reached XP level 2. HP: 22/22 MP: 3/5
   834 | D:1      | Gained mutation: Your spells are a little harder to cast,
                  | but a little more powerful. [potion of mutation]
   834 | D:1      | Gained mutation: Your magical capacity is low. (-10% MP)
                  | [potion of mutation]
   834 | D:1      | Gained mutation: You are partially covered in iridescent
                  | scales. (AC +2) [potion of mutation]
   836 | D:1      | HP: 1/22 [poisoned by an adder]
   837 | D:1      | Succumbed to an adder's poison

Illustrated notes

Levels and vault maps discovered:
D:1:      elethiomel_arrival_shortcut, layout_basic, serial_bayou_pond_c,
          amcnicky_mini_pool_small
D:2:      layout_basic, chequers_ecumenical_altar_simple,
          minmay_increasing_density

Action                   || total
-------------------------++-------
Melee: Unarmed           ||    40
       Kick              ||     8
       Tailslap          ||     4
       Headbutt          ||     3
 Cast: Beastly Appendage ||    14
 Abil: Rolling Charge    ||    12
  Use: Scroll            ||     1
       Potion            ||     1
Armor: Robe              ||    14
Dodge: Dodged            ||    13

Table legend: (Time is in decaauts)
 A = Elapsed time spent in this place.
 B = Non-inter-level travel time spent in this place.
 C = Inter-level travel time spent in this place.
 D = Time resting spent in this place.
 E = Time spent auto-exploring this place.
 F = Levels seen in this place.
 G = Mean time per level.
                   A        B        C        D        E       F      G
               +--------+--------+--------+--------+--------+-----+--------+
         Total |    836 |    815 |     21 |     33 |    626 |   2 |  418.0 |
       Dungeon |    836 |    815 |     21 |     33 |    626 |   2 |  418.0 |
               +--------+--------+--------+--------+--------+-----+--------+

Top non-repeatable levels by time:
     D:1: 828 daAuts
     D:2: 7 daAuts
